 Dungeon Crawl Stone Soup version 0.30-a0-808-g6e0788376e (webtiles) character file.

Game seed: 18175726825152332742

308 bande the Chopper (level 6, 0/39 HPs)
             Began as a Gargoyle Fighter on Feb 26, 2023.
             Slain by Menkaure (12 damage)
             ... on level 4 of the Dungeon.
             The game lasted 00:04:14 (2499 turns).

bande the Chopper (Gargoyle Fighter)                Turns: 2499, Time: 00:04:15

Health: 0/39       AC: 16    Str: 19    XL:     6   Next: 40%
Magic:  6/6        EV:  7    Int:  9    God:
Gold:   195        SH:  4    Dex: 11    Spells: 5/5 levels left

rFire   . . .      SeeInvis .    a - +0 war axe
rCold   . . .      Faith    .    c - +0 buckler
rNeg    + + .      Spirit   .    n - +0 chain mail
rPois   ∞          Reflect  .    (no helmet)
rElec   +          Harm     .    (no cloak)
rCorr   .          Rampage  .    (no gloves)
Will    .....                    b - +1 pair of boots Stlth
                                 (no amulet)
HPRegen 0.26/turn                h - ring of positive energy
MPRegen 0.10/turn                m - ring of flight

@: flying
A: sickness immunity, AC +4, negative energy resistance 1, electricity
resistance, torment resistance 1, petrification resistance
a: no special abilities


You were on level 4 of the Dungeon.
You visited 1 branch of the dungeon, and saw 4 of its levels.

You collected 195 gold pieces.

Inventory:

Hand Weapons
 a - a +0 war axe (weapon)
 k - a +0 war axe
Missiles
 o - 2 throwing nets (quivered)
Armour
 b - a +1 pair of boots (worn)
 c - a +0 buckler (worn)
 n - a +0 chain mail (worn)
Jewellery
 h - a ring of positive energy (left hand)
 m - a ring of flight (right hand)
Scrolls
 i - 3 scrolls of blinking
Potions
 d - 2 potions of might
 e - 2 potions of attraction {unknown}
 f - a potion of magic {unknown}
 g - a potion of degeneration {unknown}
 j - a potion of curing {unknown}
 l - a potion of haste {unknown}
 p - a potion of lignification {unknown}


   Skills:
 + Level 4.4 Fighting
 + Level 4.5 Axes
 + Level 4.1 Armour
 - Level 0.2 Stealth
 + Level 4.0 Shields


You had 5 spell levels left.
You didn't know any spells.
Your spell library contained the following spells:

 Spells                   Type           Power      Damage    Failure   Level
 Necrotise                Necr           0%         1d4       99%         1
 Vampiric Draining        Necr           0%         2d6       100%        3
 Agony                    Necr           0%         N/A       100%        5


Dungeon Overview and Level Annotations

Branches:
Dungeon (4/15)
 Temple: D:4-7

Altars:
Ashenzari
Kikubaaqudgha

Shops:
D:2 :   D:3 (

Annotations:
D:4 Menkaure


Innate Abilities, Weirdness & Mutations

You are immune to sickness and miasma.
Your stone body is resilient. (AC +4)
You are immune to poison.
You resist negative energy. (rN+)
You are resistant to electric shocks. (rElec)
You are resistant to unholy torment.
You are immune to petrification.


Message History

No target in view!
No target in view!
No target in view!
You start resting.
Menkaure, Prince of Dust comes into view.
Menkaure is nearby!
Menkaure shouts!
A kobold comes into view. It is wielding a +0 short sword.
You barely miss Menkaure.
The kobold shouts!
The kobold throws a stone.
The stone hits you but does no damage.
Menkaure mumbles some strange words.
Menkaure seems to speed up.
You hit Menkaure.
Menkaure is lightly damaged.
Menkaure calls on the powers of darkness!
Your body is wracked with pain!
Menkaure points at you and mumbles some strange words.
You barely resist. You hit Menkaure.
Menkaure is lightly damaged.
Menkaure hits you. Menkaure completely misses you.
You hit Menkaure.
Menkaure is moderately damaged.
Menkaure hits you.
You hit Menkaure.
Menkaure is heavily damaged.
Menkaure hits you but does no damage. The kobold hits you but does no damage.
Menkaure hits you!
You are too injured to fight recklessly!
You are too injured to fight recklessly!
You are too injured to fight recklessly!
You are too injured to fight recklessly!
You are too injured to fight recklessly!
You are too injured to fight recklessly!
You are too injured to fight recklessly!
You hit Menkaure.
Menkaure is severely damaged.
You barely miss the kobold. Menkaure hits you!
You die...

.........#######
#....<.......# ..#
#...#.#######.# ..#
#.# #.# #.# ..# # #.#
#####.######..# #.#
#....†........ #.#
#.###.######.# #.##
#.######.#
......###.M@.....###
#.........K###†....#
.....####.###.....####
####.###...#..........
#...............##.
#..##...#.......# #.
##.###.###..... # #.#.
##.. #.#.. ..# # #.#
.##.


You could see Menkaure (fast) and a kobold.

Vanquished Creatures
  An ice beast (D:4)
  A necrophage (D:3)
  2 iguanas (D:3)
  4 adders
  A worm (D:3)
  A dart slug (D:2)
  7 ball pythons
  11 bats
  4 endoplasms
  5 giant cockroaches
  5 goblins
  7 hobgoblins
  3 jackals (D:3)
  3 kobolds
  6 quokkas
  2 rats (D:2)
63 creatures vanquished.

Vanquished Creatures (others)
  2 plants (D:3)
2 creatures vanquished.

Grand Total: 65 creatures vanquished

Notes
Turn   | Place    | Note
-------+----------+-------------------------------------------
     0 | D:1      | bande the Gargoyle Fighter began the quest for the Orb.
     0 | D:1      | Reached XP level 1. HP: 14/14 MP: 1/1
   109 | D:1      | Reached XP level 2. HP: 5/19 MP: 2/2
   545 | D:1      | You fall into a shaft and drop 1 floor!
   774 | D:1      | Reached XP level 3. HP: 24/24 MP: 3/3
  1351 | D:2      | Found Voupsog's Book Emporium.
  1495 | D:2      | Reached XP level 4. HP: 29/29 MP: 4/4
  1651 | D:3      | Found an ancient bone altar of Kikubaaqudgha.
  1822 | D:3      | Found Siow Car's Weapon Boutique.
  1889 | D:3      | Noticed a necrophage
  1898 | D:3      | Reached XP level 5. HP: 25/33 MP: 5/5
  1922 | D:3      | Identified the +0 quarterstaff of Iguclulo {drain, Str+4}
  2066 | D:3      | Found a broken altar of Ashenzari.
  2426 | D:4      | Noticed an ice beast
  2445 | D:4      | Killed an ice beast
  2446 | D:4      | Reached XP level 6. HP: 24/39 MP: 6/6
  2491 | D:4      | Noticed Menkaure
  2499 | D:4      | Slain by Menkaure

Illustrated notes

Levels and vault maps discovered:
D:1:      dpeg_arrival_three_smaller_balls, layout_loops_ring
D:2:      layout_loops_ring, serial_shops, shop
D:3:      layout_loops_ring, old_standard_altar, lemuel_doored_altar,
          serial_shops, nicolae_shop_hallway_stairs, serial_bayou_pond_b,
          minmay_misc_feat_nine_boxes, minmay_checkerbox
D:4:      layout_loops_ring, overflow_temple_1_default,
          mainiacjoe_overflow_tiny_flanked, serial_shops, nicolae_shop_crystal,
          uniq_menkaure

Skill      XL: |  1  2  3  4  5 |
---------------+----------------+-----
Axes           | 2 3 4 |  4.5
Fighting       | 4 |  4.4
Armour         | 4 |  4.1
Shields        | 4 |  4.0
Stealth        | |  0.2

Action                     |  1- 3 |  4- 6 || total
---------------------------+-------+-------++-------
  Melee: War axe           |   116 |   113 ||   229
    Use: Scroll            |       |     6 ||     6
 Armour: Scale mail        |    67 |     5 ||    72
         Chain mail        |       |    70 ||    70
  Dodge: Dodged            |    66 |    47 ||   113
  Block: Buckler           |    31 |    33 ||    64

Table legend: (Time is in decaauts)
 A = Elapsed time spent in this place.
 B = Non-inter-level travel time spent in this place.
 C = Inter-level travel time spent in this place.
 D = Time resting spent in this place.
 E = Time spent auto-exploring this place.
 F = Levels seen in this place.
 G = Mean time per level.
                   A        B        C        D        E       F      G
               +--------+--------+--------+--------+--------+-----+--------+
         Total |   2588 |   2588 |      0 |    193 |   1737 |   4 |  647.0 |
       Dungeon |   2588 |   2588 |      0 |    193 |   1737 |   4 |  647.0 |
               +--------+--------+--------+--------+--------+-----+--------+

Top non-repeatable levels by time:
     D:1: 1017 daAuts
     D:3: 774 daAuts
     D:2: 684 daAuts
     D:4: 112 daAuts
